 Dungeon Crawl Stone Soup version 0.29.1-1-gd02db6906a (webtiles) character file.

Game seed: 13136600526059429001

2 KennySheep the Cudgeller (level 1, -7/19 HPs)
             Began as a Meteoran Cinder Acolyte on Sept 29, 2022.
             Was a High Priest of Ignis.
             Mangled by Sigmund
             ... wielding a +0 scythe
              (8 damage)
             ... on level 2 of the Dungeon.
             The game lasted 00:01:30 (85 turns).

KennySheep the Cudgeller (Meteoran Cinder Acolyte)    Turns: 85, Time: 00:01:31

Health: -7/19      AC:  9    Str: 15    XL:     1   Next: 57%
Magic:  3/3        EV: 11    Int: 15    God:    Ignis [*****.]
Gold:   17         SH:  0    Dex:  9    Spells: 2/2 levels left

rFire   + . .      SeeInvis .   a - -1 mace (flame)
rCold   . . .      Faith    .   (no shield)
rNeg    . . .      Spirit   .   b - +0 robe
rPois   .          Reflect  .   (no helmet)
rElec   .          Harm     .   (no cloak)
rCorr   .          Rampage  .   (no gloves)
Will    .....                   (no boots)
Stlth   +.........              (no amulet)
HPRegen 0.06/turn               (no ring)
MPRegen 0.08/turn               (no ring)

@: fiery-armoured, glowing
A: sense surroundings 1, otherworldly, glowing, explore regen
a: Renounce Religion, Fiery Armour, Foxfire Swarm, Rising Flame


You were on level 2 of the Dungeon.
You worshipped Ignis.
Ignis was extremely pleased with you.
You visited 1 branch of the dungeon, and saw 2 of its levels.

You collected 17 gold pieces.

Inventory:

Hand Weapons
 a - a -1 mace of flaming (weapon)
Armour
 b - a +0 robe (worn)


   Skills:
 + Level 3.3 Fighting
 * Level 4.1 Maces & Flails
 + Level 0.2 Armour
 + Level 0.2 Dodging
 - Level 1.3 Spellcasting
 - Level 3.6 Fire Magic


You had 2 spell levels left.
You didn't know any spells.
Your spell library contained the following spells:

 Spells                   Type           Power      Damage    Failure   Level
 Scorch                   Fire           22%        2d6       9%          2


Dungeon Overview and Level Annotations

Branches:
Dungeon (2/15) Zot: 1111

Altars:
Ru

Annotations:
D:2 Sigmund


Innate Abilities, Weirdness & Mutations

You passively map a small area around you.
You are easily found by Zot.
You glow in the dark.
You regain HP and MP as you explore.


Message History

You bump into the rock wall.
Sigmund hits you from afar with a +0 scythe.
You bump into the rock wall.
You bump into the rock wall.
Sigmund points at you and mumbles some strange words.
You are more confused.
You bump into the rock wall.
Sigmund closely misses you.
You're too confused to move!
Sigmund looks at you with fury. Sigmund casts a spell at you.
The magic dart hits you.
You bump into the rock wall.
Sigmund hits you but does no damage.
You bump into the rock wall.
You bump into the rock wall.
Sigmund hits you from afar with a +0 scythe.
* * * LOW HITPOINT WARNING * * *
Sigmund hits you but does no damage.
You bump into the rock wall.
You feel less confused.
Activating: Foxfire Swarm
Press: ? - help, Dir - look around, f - activate Flames leap up around you!
Sigmund mumbles some strange words.
Sigmund flickers and vanishes!
Deactivating autopickup; reactivate with Ctrl-A.
You barely miss something.
The foxfire hits something but does no damage.
The foxfire hits something.
The foxfire hits something but does no damage.
The foxfire hits something.
The foxfire hits something but does no damage.
The foxfire hits something.
Something hits you.
* * * LOW HITPOINT WARNING * * *
You barely miss something.
You hear some strange, mumbled words.
A magic dart appears from out of thin air!
The magic dart hits you.
* * * LOW HITPOINT WARNING * * *
You barely miss something. Something hits you!
You die...

*#
#######
*
.......#
* *
.#.....#
,..._..#
#.....#
#.....*
#..{#
#@# #v#
#ยง# #.#
#<# ###


There were no monsters in sight!

Vanquished Creatures
  A hobgoblin (D:1)
  A bat (D:1)
  A rat (D:1)
3 creatures vanquished.

Vanquished Creatures (others)
  6 foxfires (D:2)
6 creatures vanquished.

Grand Total: 9 creatures vanquished

Notes
Turn   | Place    | Note
-------+----------+-------------------------------------------
     0 | D:1      | KennySheep the Meteoran Cinder Acolyte began the quest for
                  | the Orb.
     0 | D:1      | Reached XP level 1. HP: 19/19 MP: 3/3
    67 | D:2      | Found a sacrificial altar of Ru.
    67 | D:2      | Noticed Sigmund
    85 | D:2      | Mangled by Sigmund

Illustrated notes

Levels and vault maps discovered:
D:1:      roderic_octagonal_star, layout_basic
D:2:      layout_basic, chequers_ecumenical_altar_simple, basic_altar,
          minivault_5, uniq_sigmund, uniq_terence

Action                   || total
-------------------------++-------
Melee: Mace              ||    17
Invok: Foxfire Swarm     ||     1
       Fiery Armour      ||     1
Armor: Robe              ||     8
Dodge: Dodged            ||    11
